 Dungeon Crawl Stone Soup version 0.31.0-11-ge490571c62 (webtiles) character file.

Game seed: 13741639502933567217

201 qw the Skirmisher (level 5, -7/29 HPs)
             Began as a Deep Elf Hunter on Feb 4, 2024.
             Mangled by Edmund
             ... wielding a +0 flail of holy wrath
              (9 damage)
             ... on level 4 of the Dungeon.
             The game lasted 00:00:10 (2140 turns).

qw the Skirmisher (Deep Elf Hunter)                 Turns: 2140, Time: 00:00:11

Health: -7/29      AC:  6    Str: 10    XL:     5   Next: 50%
Magic:  7/7        EV: 11    Int: 14    God:
Gold:   139        SH:  0    Dex: 18    Spells: 4/4 levels left

rFire   . . .        a - +0 shortbow
rCold   . . .        (shield currently unavailable)
rNeg    . . .        j - +0 ring mail
rPois   .            c - +1 hat {SInv}
rElec   .            (no cloak)
rCorr   .            (no gloves)
SInv    +            (no boots)
Will    .....        (no amulet)
Stlth   +            (no ring)
HPRegen 0.24/turn    (no ring)
MPRegen 0.10/turn

%: no passive effects
@: no status effects
A: no striking features
a: no special abilities


You were on level 4 of the Dungeon.
You visited 1 branch of the dungeon, and saw 4 of its levels.

You collected 139 gold pieces.


   Skills:
 + Level 1.5 Fighting
 - Level 9.0 Ranged Weapons
 - Level 2.4 Dodging
 - Level 1.2 Stealth


You had 4 spell levels left.
You didn't know any spells.
Your spell library was empty.

Inventory:

Hand Weapons
 a - a +0 shortbow (weapon)
Armour
 c - a +1 hat of see invisible (worn)
 j - a +0 ring mail (worn)
Potions
 b - a potion of enlightenment {unknown}
 d - a potion of magic {unknown}
 f - a potion of degeneration {unknown}
 h - 3 potions of might

Dungeon Overview and Level Annotations

Branches:
Dungeon (4/15)
 Temple: D:4-7

Altars:

Annotations:
D:2 1 runed translucent door, Crazy Yiuf
D:4 Edmund


Message History

You shoot an arrow.
The arrow hits Edmund but does no damage.
Edmund is moderately wounded.
Edmund hits you with a +0 flail of holy wrath!
You shoot an arrow.
The arrow hits Edmund but does no damage.
Edmund is moderately wounded.
Edmund hits you with a +0 flail of holy wrath.
You shoot an arrow. The arrow barely misses Edmund.
Edmund says, "People accused me of being a cutpurse!"
Edmund hits you with a +0 flail of holy wrath.
You shoot an arrow. The arrow hits Edmund.
Edmund is heavily wounded.
Edmund hits you with a +0 flail of holy wrath.
2134 ||| DRINKING potion of heal wounds.
You feel much better. Edmund barely misses you.
You shoot an arrow. The arrow closely misses Edmund.
The iguana misses you.
Edmund hits you with a +0 flail of holy wrath!
You shoot an arrow. The arrow barely misses Edmund.
The iguana bites you but does no damage.
Edmund hits you with a +0 flail of holy wrath!
You shoot an arrow. The arrow barely misses Edmund.
The iguana misses you.
Edmund hits you with a +0 flail of holy wrath.
You shoot an arrow.
The arrow hits Edmund but does no damage.
Edmund is heavily wounded.
Edmund closely misses you.
The iguana bites you but does no damage.
You shoot an arrow. The arrow hits Edmund.
Edmund is heavily wounded.
Edmund hits you with a +0 flail of holy wrath!
The iguana closely misses you.
You shoot an arrow. The arrow hits Edmund.
Edmund is severely wounded.
Edmund hits you with a +0 flail of holy wrath!
You die...
Edmund says, "That'll show my brother!"

.. ....... ...
#.......# ....
#.......#
....####.......#
...............#
...............#
......l........#
......@@.......#
#####+#......##
#......#
#......#
#####.[....#
#####.....######
#.........#
#......%..#
#......<..#


You could see Edmund and an iguana.

Vanquished Creatures
  A hound (D:4)
  Jessica (D:3)
  An iguana (D:4)
  3 adders
  5 dart slugs
  A ribbon worm (D:2)
  An orc (D:3)
  5 ball pythons
  6 endoplasms
  2 giant cockroaches (D:3)
  7 goblins
  6 hobgoblins
  8 jackals
  4 kobolds
  4 quokkas
  9 bats
  4 frilled lizards
  8 rats
76 creatures vanquished.

Notes
Turn   | Place    | Note
-------+----------+-------------------------------------------
     0 | D:1      | qw the Deep Elf Hunter began the quest for the Orb.
     0 | D:1      | Reached XP level 1. HP: 12/12 MP: 3/3
     0 | D:1      | 0 ||| qw: Version: 0.3-a-160-g6735b56
     0 | D:1      | 0 ||| qw: Game counter: 5655
     0 | D:1      | 0 ||| qw: Melee chars always use a shield: true
     0 | D:1      | 0 ||| qw: God list: Okawaru
     0 | D:1      | 0 ||| qw: Allow faded altars: false
     0 | D:1      | 0 ||| qw: Do Orc after clearing Dungeon:15 true
     0 | D:1      | 0 ||| qw: Do second Lair branch before Depths: true
     0 | D:1      | 0 ||| qw: Lair rune preference: random
     0 | D:1      | 0 ||| qw: Goals: Normal
     0 | D:1      | 0 ||| PLANNING D:1-11
   107 | D:1      | Reached XP level 2. HP: 9/16 MP: 4/4
   111 | D:1      | Reached skill level 6 in Ranged Weapons
   453 | D:1      | Reached XP level 3. HP: 20/20 MP: 5/5
   641 | D:1      | 641 ||| UPGRADING to +0 ring mail.
   651 | D:1      | 651 ||| DROPPING +0 leather armour.
   652 | D:1      | 652 ||| DROPPING amulet of magic regeneration.
   653 | D:1      | 653 ||| DROPPING ring of flight.
   654 | D:1      | 654 ||| READING 3 scrolls labelled RIKHOXU UPOAC.
   654 | D:1      | 654 ||| IDENTIFYING dark potion
   655 | D:1      | 655 ||| READING 2 scrolls of identify.
   655 | D:1      | 655 ||| IDENTIFYING coppery potion
   656 | D:1      | 656 ||| READING scroll of identify.
   656 | D:1      | 656 ||| IDENTIFYING 2 viscous sapphire potions
   657 | D:1      | 657 ||| READING scroll labelled NOEMYM ULLI.
   658 | D:1      | 658 ||| READING 4 scrolls labelled WAEL NAORGHOTU.
   659 | D:1      | 659 ||| READING scroll labelled IBBEVIM HIDUL.
   659 | D:1      | Identified a scroll of acquirement
   659 | D:1      | 659 ||| ACQUIRING +1 hat of see invisible
   659 | D:1      | Acquired a +1 hat of see invisible
   661 | D:1      | 661 ||| UPGRADING to +1 hat of see invisible.
   666 | D:1      | 666 ||| DRINKING 3 fizzy ruby potions.
   667 | D:1      | 667 ||| DROPPING scroll of butterflies.
   668 | D:1      | 668 ||| DROPPING 2 potions of brilliance.
   669 | D:1      | 669 ||| DROPPING 3 scrolls of fear.
   670 | D:1      | 670 ||| DROPPING potion of attraction.
   716 | D:2      | Reached skill level 7 in Ranged Weapons
   858 | D:2      | Reached XP level 4. HP: 22/25 MP: 6/6
  1067 | D:2      | Found a runed translucent door.
  1068 | D:2      | Noticed Crazy Yiuf
  1177 | D:2      | 1177 ||| READING scroll labelled DIHEHE VIUX.
  1253 | D:3      | 1253 ||| FLEEEEING.
  1258 | D:3      | 1258 ||| FLEEEEING.
  1439 | D:3      | Noticed Jessica
  1441 | D:3      | Killed Jessica
  1442 | D:3      | Reached skill level 8 in Ranged Weapons
  1809 | D:3      | 1809 ||| READING 4 scrolls labelled BERCHU GISHUALL.
  1810 | D:3      | 1810 ||| DROPPING 3 scrolls of poison.
  1812 | D:3      | 1812 ||| Stepping ~*~*~tactically~*~*~ (cloud).
  1815 | D:3      | HP: 6/25 [poisoned by you (poison gas)]
  1820 | D:3      | HP: 3/25 [poisoned by you (poison gas)]
  1822 | D:3      | HP: 1/25 [poisoned by you (poison gas)]
  1948 | D:4      | 1948 ||| STAIRDANCE
  1959 | D:4      | 1959 ||| STAIRDANCE
  2031 | D:4      | Reached XP level 5. HP: 22/29 MP: 7/7
  2036 | D:4      | 2036 ||| STAIRDANCE
  2092 | D:4      | Reached skill level 9 in Ranged Weapons
  2114 | D:4      | Noticed Edmund
  2133 | D:4      | HP: 5/29 [Edmund/+0 flail of holy wrath (4)]
  2134 | D:4      | 2134 ||| DRINKING potion of heal wounds.
  2139 | D:4      | HP: 1/29 [Edmund/+0 flail of holy wrath (8)]
  2140 | D:4      | Mangled by Edmund

Levels and vault maps discovered:
D:1:      scummos_arrival_simple_crosswalls, layout_basic
D:2:      layout_basic, uniq_crazy_yiuf_cottage
D:3:      layout_loops_ring, serial_glass, glass_columns_b, glass_columns_b,
          glass_columns_b, glass_columns_b, glass_columns_a, glass_columns_a,
          glass_columns_a, glass_columns_c, uniq_jessica
D:4:      layout_gridville, minmay_temple_entry_glass, chequers_arboretum,
          minmay_gold_behind_fungi, nicolae_shop_fire_sale
          [nicolae_sub_dead_trees], uniq_edmund

Skill      XL: |  1  2  3  4  5 |
---------------+----------------+-----
Ranged Weapons | 6 7 8 9 |  9.0
Fighting       | |  1.5
Dodging        | |  2.4
Stealth        | |  1.2

Action                     |  1- 3 |  4- 6 || total
---------------------------+-------+-------++-------
   Fire: Shortbow          |   119 |   114 ||   233
    Use: Scroll            |     6 |     2 ||     8
         Potion            |     1 |     1 ||     2
 Armour: Leather armour    |    16 |       ||    16
         Ring mail         |    14 |    53 ||    67
  Dodge: Dodged            |    36 |    50 ||    86

Table legend:
 A = Non-vault XP
 B = Vault XP
 C = Vault XP percentage of total XP
 D = Non-vault monster count
 E = Vault monster count
 F = Vault count percentage of total count
                 A         B        C        D         E       F
            +---------+---------+-------+---------+---------+-------
      Total |     251 |      37 |  12.8 |      75 |       1 |   1.3
            +---------+---------+-------+---------+---------+-------
        D:1 |      58 |       0 |   0.0 |      30 |       0 |   0.0
        D:2 |      53 |       0 |   0.0 |      24 |       0 |   0.0
        D:3 |      45 |      37 |  45.1 |      18 |       1 |   5.3
        D:4 |      95 |       0 |   0.0 |       3 |       0 |   0.0
            +---------+---------+-------+---------+---------+-------
